 Dungeon Crawl Stone Soup version 0.21-a0-538-gd16b88a (webtiles) character file.

14214 rjrrt the Severer (level 11, -4/142 HPs)
             Began as a Minotaur Berserker on Dec 16, 2017.
             Was a High Priest of Trog.
             Killed by mirror damage (16 damage)
             ... on level 11 of the Dungeon.
             The game lasted 00:18:28 (9743 turns).

rjrrt the Severer (Minotaur Berserker)              Turns: 9743, Time: 00:18:29

Health: -4/142     AC: 18    Str: 35    XL:     11   Next: 85%
Magic:  10/10      EV: 11    Int:  4    God:    Trog [*****.]
Gold:   628        SH:  0    Dex:  9    Spells: 10/10 levels left

rFire    . . .     SeeInvis .   a - +2 war axe (venom)
rCold    + . .     Gourm    .   (no shield)
rNeg     . . .     Faith    .   D - +0 plate armour
rPois    .         Spirit   .   (helmet restricted)
rElec    .         Reflect  .   v - +0 cloak
rCorr    .         Harm     .   (no gloves)
MR       .....                  r - +2 pair of boots
Stlth    ..........             (no amulet)
HPRegen  0.33/turn              t - +4 ring of strength
MPRegen  0.12/turn              j - ring of protection from cold

@: berserking, slowed
A: retaliatory headbutt, horns 2
a: Berserk, Trog's Hand, Brothers in Arms, Burn Spellbooks, Renounce Religion


You were on level 11 of the Dungeon.
You worshipped Trog.
Trog was extremely pleased with you.
You were very hungry.

You visited 1 branch of the dungeon, and saw 11 of its levels.
You also visited: Sewer and Ossuary.

You collected 628 gold pieces.

Inventory:

Hand Weapons
 a - a +2 war axe of venom (weapon)
 c - a +0 trident
 d - a +1 battleaxe
 m - a +2 antimagic executioner's axe
Missiles
 u - 2 tomahawks of returning (quivered)
 C - a throwing net
Armour
 r - a +2 pair of boots (worn)
 v - a +0 cloak (worn)
 D - a +0 plate armour (worn)
Jewellery
 j - a ring of protection from cold (right hand)
 t - a +4 ring of strength (left hand)
Wands
 e - a wand of polymorph (8)
 g - a wand of paralysis (19)
 s - a wand of iceblast (6)
 y - a wand of digging (14)
 A - a wand of flame (12)
Scrolls
 b - 5 scrolls of enchant armour
 h - 3 scrolls of enchant weapon
 n - 2 scrolls of immolation
 B - a scroll of fear
 E - 5 scrolls of identify
 F - a scroll of fog
Potions
 k - 4 potions of flight
 l - 2 potions of cancellation
 p - 7 potions of curing
 q - 4 potions of heal wounds
 w - 3 potions of might
 x - a potion of ambrosia
 z - 3 potions of invisibility
Comestibles
 f - 5 meat rations
 i - 7 chunks of flesh
 o - 10 bread rations


   Skills:
 * Level 8.4 Fighting
 + Level 17.9 Axes
 * Level 7.9 Armour
 * Level 7.2 Dodging


You had 10 spell levels left.
You didn't know any spells.

Dungeon Overview and Level Annotations

Branches:
Dungeon (11/15)            Temple (0/1) D:5            Lair (0/6) D:11
    Orc: D:9-12

Altars:
Hepliaklqana
Kikubaaqudgha
Okawaru
Ru
Trog
Uskayaw
Xom

Shops:
D:5 }   D:9 (


Innate Abilities, Weirdness & Mutations

You reflexively headbutt those who attack you in melee.
You have a pair of horns on your head.


Message History

You headbutt the death knight.
The death knight is moderately wounded.
You hit the wraith. The wraith hits you!
* * * LOW HITPOINT WARNING * * *
The skeletal warrior hits you from afar with a halberd.
* * * LOW HITPOINT WARNING * * *
You slice the death knight!! Your headbutt misses the death knight.
The death knight is severely wounded.
You barely miss the wraith.
The death knight offers itself to Yredelemnul, and fills with unholy energy.
The wraith completely misses you.
You are too injured to fight recklessly!
Unknown command.
You slice the death knight!!
The death knight looks as sick as possible!
You headbutt the death knight.
You kill the death knight!
Trog accepts your kill.
You hit the wraith.
Your damage is reflected back at you!
You die...

.......#####
......#...# .
#....#...#..
#....#..^#.#
#....+...#.# .
#....###'#.#
.P.####..........#
.P...zW..........#####
.P..Wz)@$.............
.P..#######...........
P #.....###### #.....#
#.....# . #...[.# #..
#....<# #.PP.
#...))##.(....
#.........P..P


You could see 2 skeletal warriors, a freezing wraith and a wraith.

Vanquished Creatures
  Harold (D:10)
  6 two-headed ogres
  A death knight (D:11)
  The ghost of zxpr0jk the Covert, a novice HaGl of Dithmenos (D:8)
  Joseph (D:8)
  Maurice (D:9)
  A kobold demonologist (D:11)
  A hippogriff (D:10)
  Sigmund (D:2)
  An air elemental (D:10)
  2 wraiths (Ossuary)
  A spriggan (D:7)
  2 wyverns (D:9)
  A fire elemental (D:10)
  Menkaure (D:6)
  The ghost of AverageBear the Cutter, an amateur DEFi (D:3)
  3 porcupines (D:11)
  A water moccasin (D:10)
  3 orc warriors
  3 ice beasts
  5 sky beasts
  3 phantoms
  An eye of draining (D:11)
  A black bear (D:7)
  5 ogres
  7 centaurs
  3 crocodiles
  3 big kobolds
  4 bullfrogs
  2 scorpions
  12 killer bees (D:10)
  9 wights
  A howler monkey (D:2)
  6 crimson imps
  A bullfrog zombie (D:7)
  4 jellies
  6 orc priests
  3 hounds
  6 orc wizards
  2 centaur skeletons
  3 iguanas
  Ijyb (D:3)
  5 worker ants
  A hound skeleton (D:4)
  3 worker ant zombies
  2 gnolls (D:6)
  9 adders
  3 river rats
  A shadow imp (D:5)
  An ooze (D:6)
  An adder zombie (Ossuary)
  An adder skeleton (D:9)
  3 worms (D:6)
  2 dart slugs (D:2)
  5 leopard geckos
  18 orcs
  2 ball pythons
  11 bats
  3 giant cockroaches
  20 goblins
  5 hobgoblins
  17 jackals
  20 kobolds
  2 quokkas
  2 ball python skeletons (Ossuary)
  7 frilled lizards
  A hobgoblin skeleton (Ossuary)
  2 hobgoblin zombies (Ossuary)
  A kobold zombie (Ossuary)
  A leopard gecko skeleton (D:8)
  2 orc skeletons (Ossuary)
  4 quokka skeletons
  18 rats
294 creatures vanquished.

Vanquished Creatures (others)
  A water elemental (D:10)
  2 fungi (D:11)
  A plant (D:11)
4 creatures vanquished.

Grand Total: 298 creatures vanquished

Notes
Turn   | Place    | Note
-------+----------+-------------------------------------------
     0 | D:1      | rjrrt the Minotaur Berserker began the quest for the Orb.
     0 | D:1      | Reached XP level 1. HP: 19/19 MP: 0/0
   120 | D:1      | Reached skill level 4 in Axes
   121 | D:1      | Reached XP level 2. HP: 23/26 MP: 1/1
   261 | D:1      | Reached ** piety under Trog
   314 | D:1      | Reached skill level 5 in Axes
   426 | D:1      | Reached XP level 3. HP: 31/31 MP: 2/2
   931 | D:2      | Found a bloodstained altar of Trog.
   931 | D:2      | Noticed Sigmund
   945 | D:2      | Killed Sigmund
   945 | D:2      | Reached skill level 7 in Axes
   945 | D:2      | Reached XP level 4. HP: 39/39 MP: 3/3
   945 | D:2      | Reached XP level 5. HP: 45/45 MP: 4/4
  1063 | D:2      | Reached skill level 8 in Axes
  1108 | D:2      | Reached XP level 6. HP: 45/51 MP: 5/5
  1508 | D:3      | Reached *** piety under Trog
  1850 | D:3      | Noticed Ijyb
  1851 | D:3      | Noticed AverageBear's ghost (amateur DEFi)
  1874 | D:3      | Killed AverageBear's ghost
  1874 | D:3      | Reached skill level 9 in Axes
  1877 | D:3      | Killed Ijyb
  2442 | D:4      | Reached XP level 7. HP: 50/57 MP: 6/6
  2518 | D:4      | Reached skill level 10 in Axes
  3200 | D:5      | Entered Level 5 of the Dungeon
  3409 | D:5      | Reached XP level 8. HP: 60/67 MP: 7/7
  3446 | D:5      | Found a staircase to the Ecumenical Temple.
  3496 | D:5      | Reached **** piety under Trog
  3536 | D:5      | Found Viuxtina's Gadget Emporium.
  3944 | D:6      | Found an iron altar of Okawaru.
  3988 | D:6      | Got a crude scale mail
  4013 | D:6      | Reached skill level 5 in Fighting
  4013 | D:6      | Reached skill level 11 in Axes
  4029 | D:6      | Noticed Menkaure
  4035 | D:6      | Killed Menkaure
  4091 | D:6      | Reached skill level 5 in Armour
  4154 | D:6      | Found a glowing drain.
  4351 | D:6      | Reached skill level 5 in Dodging
  4351 | D:6      | Reached XP level 9. HP: 43/75 MP: 8/8
  4433 | Sewer    | Entered a sewer
  4587 | Sewer    | Found a white marble altar of Elyvilon.
  4952 | D:6      | Found a hazy altar of Hepliaklqana.
  5562 | D:7      | Found a sand-covered staircase.
  5589 | Ossuary  | Entered an ossuary
  5683 | Ossuary  | Reached ***** piety under Trog
  5889 | Ossuary  | Reached skill level 12 in Axes
  6101 | D:7      | Found a shimmering altar of Xom.
  6296 | D:7      | Found a hide-covered altar of Uskayaw.
  6556 | D:8      | Received a gift from Trog
  6565 | D:8      | Reached skill level 13 in Axes
  6571 | D:8      | Reached XP level 10. HP: 68/86 MP: 9/9
  6766 | D:8      | Noticed Joseph
  6911 | D:8      | Noticed zxpr0jk's ghost (novice HaGl)
  6940 | D:8      | Killed zxpr0jk's ghost
  7051 | D:8      | Found an ancient bone altar of Kikubaaqudgha.
  7150 | D:8      | Killed Joseph
  7150 | D:8      | Reached skill level 14 in Axes
  7454 | D:9      | Noticed a two-headed ogre
  7456 | D:9      | Killed a two-headed ogre
  7456 | D:9      | Reached skill level 15 in Axes
  7459 | D:9      | Noticed a two-headed ogre
  7468 | D:9      | Received a gift from Trog
  7474 | D:9      | Killed a two-headed ogre
  7734 | D:9      | Found a sacrificial altar of Ru.
  7762 | D:9      | Reached skill level 16 in Axes
  7763 | D:9      | Found Dengonuw's Antique Weapon Boutique.
  7843 | D:9      | Noticed Maurice
  7855 | D:9      | Killed Maurice
  7855 | D:9      | Reached XP level 11. HP: 90/92 MP: 10/10
  8390 | D:10     | Entered Level 10 of the Dungeon
  8459 | D:10     | Noticed a two-headed ogre
  8469 | D:10     | Killed a two-headed ogre
  8812 | D:10     | Noticed Harold
  8825 | D:10     | Killed Harold
  8825 | D:10     | Reached skill level 17 in Axes
  8999 | D:10     | Found a large runed door.
  9000 | D:10     | Found a large runed door.
  9371 | D:10     | Received a gift from Trog
  9426 | D:10     | Noticed a two-headed ogre
  9439 | D:10     | Killed a two-headed ogre
  9633 | D:11     | Noticed a two-headed ogre
  9643 | D:11     | Killed a two-headed ogre
  9644 | D:11     | Noticed a two-headed ogre
  9698 | D:11     | Killed a two-headed ogre
  9705 | D:11     | Found a staircase to the Lair.
  9732 | D:11     | Noticed a death knight
  9733 | D:11     | Noticed a skeletal warrior
  9733 | D:11     | Noticed a skeletal warrior
  9743 | D:11     | Killed a death knight
  9743 | D:11     | Killed by mirror damage

Vault maps used:
D:1:      onia_arrival_pyramid, roderic_lattice_a, minmay_vboxes
D:2:      lemuel_round_altar, uniq_sigmund
D:3:      kennysheep_the_goblin_king, first_bread, uniq_ijyb
D:5:      minmay_temple_entry_purple_smoke, serial_shops,
          nicolae_shop_temple_entry_statues_fountains
D:6:      marbit_many_paths, okawaru_altar_gauntlet_db, portal_sewer_entry_c,
          uniq_menkaure
D:7:      lemuel_crystal_altar, lemuel_crystal_altar,
          nicolae_ossuary_entry_ruins, the_bakery,
          minmay_misc_feat_secret_circle
D:8:      overflow_temple_1_default, uniq_joseph
D:9:      hangedman_ru_absence, serial_shops, shop, uniq_maurice
D:10:     lightli_elemental_guards, uniq_harold
D:11:     due_lair_maze_entry_diamond, minmay_hedge_maze,
          kennysheep_small_spiral, uniq_psyche
Sewer:    sewer_kobolds
Ossuary:  ossuary_due_cavern

Skill      XL: |  1  2  3  4  5  6  7  8  9 10 11 |
---------------+----------------------------------+-----
Axes           | 4 5 7 8 9 10 11 13 16 17 | 17.9
Fighting       | 4 6 7 8 |  8.4
Armour         | 3 5 6 7 |  7.9
Dodging        | 3 5 6 7 |  7.2

Action                   |  1- 3 |  4- 6 |  7- 9 | 10-12 || total
-------------------------+-------+-------+-------+-------++-------
Melee: Hand axe          |    62 |    87 |   319 |       ||   468
       Headbutt          |     8 |    18 |    76 |    34 ||   136
       Battleaxe         |       |       |    43 |   208 ||   251
       War axe           |       |       |       |    24 ||    24
Throw: Tomahawk          |       |       |       |     1 ||     1
Invok: Berserk           |     1 |     1 |     4 |     7 ||    13
       Burn Spellbooks   |       |     1 |       |     1 ||     2
Evoke: Wand              |       |       |       |     4 ||     4
  Use: Scroll            |       |     9 |    10 |     2 ||    21
  Eat: Chunk             |       |     7 |     9 |    11 ||    27
       Fruit             |       |       |     2 |     3 ||     5
       Royal jelly       |       |       |     3 |     1 ||     4
Armor: Animal skin       |     4 |       |       |       ||     4
       Scale mail        |    16 |    34 |    71 |       ||   121
       Chain mail        |       |       |    41 |     8 ||    49
       Plate armour      |       |       |       |   105 ||   105
Dodge: Dodged            |    38 |    34 |   168 |   142 ||   382

Table legend:
 A = Spawn XP
 B = Non-spawn XP
 C = Spawn XP percentage of total XP
 D = Spawn monster count
 E = Non-spawn monster count
 F = Spawn count percentage of total count
 G = Total turns spent on level
                    A         B        C        D         E        F      G
               +---------+---------+-------+---------+---------+-------+---------
         Total |       0 |   20306 |   0.0 |       0 |     294 |   0.0 |  9743
               +---------+---------+-------+---------+---------+-------+---------
           D:1 |       0 |      48 |   0.0 |       0 |      30 |   0.0 |   782
           D:2 |       0 |     384 |   0.0 |       0 |      26 |   0.0 |   675
           D:3 |       0 |     245 |   0.0 |       0 |      23 |   0.0 |   839
           D:4 |       0 |     344 |   0.0 |       0 |       9 |   0.0 |   904
           D:5 |       0 |     719 |   0.0 |       0 |      18 |   0.0 |   708
           D:6 |       0 |    1268 |   0.0 |       0 |      42 |   0.0 |  1248
           D:7 |       0 |    1153 |   0.0 |       0 |      15 |   0.0 |   709
           D:8 |       0 |    2913 |   0.0 |       0 |      38 |   0.0 |  1191
           D:9 |       0 |    3632 |   0.0 |       0 |      21 |   0.0 |   730
          D:10 |       0 |    5096 |   0.0 |       0 |      35 |   0.0 |  1288
          D:11 |       0 |    3751 |   0.0 |       0 |      10 |   0.0 |    65
         Sewer |       0 |     131 |   0.0 |       0 |      13 |   0.0 |   198
       Ossuary |       0 |     622 |   0.0 |       0 |      14 |   0.0 |   406
               +---------+---------+-------+---------+---------+-------+---------
